 Dungeon Crawl Stone Soup version 0.27.0-1-g7a089689b8 (webtiles) character file.

Game seed: 3175615476110108170

3828 nicksoapdish the Thaumaturge (level 10, 0/39 HPs)
             Began as an Octopode Conjurer on Aug 12, 2021.
             Was a Follower of Yredelemnul.
             Succumbed to a green death's poison arrow
             ... on level 1 of the Abyss.
             The game lasted 00:43:24 (9990 turns).

nicksoapdish the Thaumaturge (Octopode Conjurer)    Turns: 9990, Time: 00:43:25

Health: 0/39       AC:  3    Str:  6      XL:     10   Next: 17%
Magic:  16/16      EV: 13    Int: 24      God:    Yredelemnul [*.....]
Gold:   169        SH:  5    Dex: 13 (17) Spells: 7/27 levels left

rFire    . . .     SeeInvis .   (no weapon)
rCold    . . .     Faith    .   (no shield)
rNeg     . . .     Spirit   .   (helmet restricted)
rPois    .         Reflect  +   p - amulet of reflection
rElec    .         Harm     .   j - ring of resist corrosion
rCorr    +         Rampage  .   C - +6 ring of dexterity
Will     .....     Rnd*Rage +   (no ring)
Stlth    +++++.....             (no ring)
HPRegen  0.00/turn              (no ring)
MPRegen  0.15/turn              (no ring)
                                (no ring)
                                (no ring)

@: lethally poisoned (0 -> -18), badly diseased
A: almost no armour, amphibious, 8 rings, camouflage 1, gelatinous body 1,
(nimble swimmer 1), tentacles, iridescent scales 1, [berserk 2], frail 1[+2],
[low mp 3]
a: Renounce Religion, Animate Remains


You were on level 1 of the Abyss.
You worshipped Yredelemnul.
Yredelemnul was aware of your devotion.
You visited 1 branch of the dungeon, and saw 7 of its levels.
You visited the Abyss 1 time.
You also visited: Sewer.

You collected 349 gold pieces.
You spent 180 gold pieces at shops.

Inventory:

Missiles
 e - 20 poisoned darts
 y - 7 throwing nets
Magical Staves
 s - a staff of earth
Jewellery
 j - a ring of resist corrosion (left tentacle)
 p - an amulet of reflection (around mantle)
 w - a ring of fire
 C - a +6 ring of dexterity (right tentacle)
Wands
 k - a wand of flame (10)
 r - a wand of iceblast (9)
 x - a wand of acid (3)
 A - a wand of digging (4)
Scrolls
 a - a scroll of fear {unknown}
 b - a scroll of fog {unknown}
 c - a scroll of silence
 d - a scroll of enchant weapon {unknown}
 m - a scroll of magic mapping {unknown}
 n - a scroll of vulnerability {unknown}
 z - a scroll of summoning {unknown}
 B - a scroll of amnesia {unknown}
 D - a scroll of acquirement {unknown}
Potions
 f - 3 potions of flight
 g - a potion of attraction {unknown}
 h - a potion of heal wounds
 l - 3 potions of curing
 q - a potion of berserk rage
 u - 2 potions of brilliance


   Skills:
 - Level 1.1 Short Blades
 - Level 2.0 Dodging
 * Level 8.8 Stealth
 * Level 9.1 Spellcasting
 + Level 7.3 Conjurations
 * Level 5.4 Hexes
 * Level 2.0 Translocations
 + Level 0.4 Evocations


You had 7 spell levels left.
You knew the following spells:

 Your Spells              Type           Power      Damage    Failure   Level
a - Magic Dart            Conj           100%       1d8       1%          1
b - Searing Ray           Conj           92%        3d6       1%          2
c - Dazzling Flash        Conj/Hex       82%        N/A       1%          3
d - Fulminant Prism       Conj/Hex       20%        3d13      4%          4
e - Corona                Hex            41%        N/A       1%          1
f - Tukima's Dance        Hex            37%        N/A       1%          3
g - Ensorcelled Hibernat  Hex/Ice        48%        N/A       2%          2
h - Iskenderun's Mystic   Conj/Tloc      33%        2d8       9%          4

Your spell library contained the following spells:

 Spells                   Type           Power      Damage    Failure   Level
 Portal Projectile        Hex/Tloc       58%        N/A       3%          3
 Call Canine Familiar     Summ           11%        N/A       17%         3
 Leda's Liquefaction      Hex/Erth       12%        N/A       19%         4


Dungeon Overview and Level Annotations

Branches:
Dungeon (7/15)             Temple (0/1) D:6           Sewer (visited)

Altars:
Makhleb
Okawaru
Trog
Wu Jian
Yredelemnul
The Shining One

Shops:
D:6 :   D:7 !

Annotations:
D:5 1 runed translucent door, exclusions: Sigmund, centaur and door, wallyj24's ghost, novice GnFi
D:7 Maggie


Innate Abilities, Weirdness & Mutations

You cannot wear most types of armour.
You are amphibious.
You can wear up to eight rings at the same time.
Your skin changes colour to match your surroundings (Stealth+).
Your rubbery body absorbs attacks. (AC +1, EV +1)
((You are camouflaged near water. (Stealth+)))
You have tentacles for arms and can constrict up to eight enemies at once.
You are partially covered in iridescent scales. (AC +2)
[You often lose your temper in combat.]
[You are extremely frail. (-30% HP)]
[Your magical capacity is extremely low. (-30% MP)]


Message History

A chaos spawn comes into view.
Found 24 arrows.
Found a gateway leading deeper into the Abyss.
Found a gateway leading deeper into the Abyss.
A thrashing horror comes into view.
A green death comes into view.
A wretched star comes into view.
The wretched star pulses with an eldritch light!
You feel less energetic. x2
Found a gateway leading deeper into the Abyss.
Found 7 curare-tipped darts.
A white imp comes into view.
The wretched star pulses with an eldritch light!
You feel a little pissed off.
You feel angry.
Okay, then.
An ancient zyme comes into view.
You feel yourself growing ill in the presence of the ancient zyme.
The ancient zyme barely misses you. The ancient zyme hits you!
An ice devil comes into view.
The ancient zyme hits you but does no damage.
The ancient zyme hits you!
You feel ill.
A large abomination comes into view.
You feel ill.
The wretched star pulses with an eldritch light!
You feel less energetic.
You feel frail. x2
You feel ill.
An ancient zyme comes into view.
You feel ill.
You feel ill. The ice devil closely misses you.
The green death gestures at you. The poison arrow hits you!
You are poisoned.
* * * LOW HITPOINT WARNING * * *
* * * LOW HITPOINT WARNING * * *
You feel very sick.
A quasit comes into view.
You die...
Your body rises from the dead as a mindless zombie.

##.##...#......
..####..#.....
.#...#.*#..#######
#.#....##x#......
.#.....#.2........
#######..........
#..4........
#......#....
##@#..x.....
#..........
##.#.......
..........
##........
5....... .......
.....


You could see a green death, a wretched star, an ancient zyme, an ice devil and
a quasit (wandering).

Vanquished Creatures
  Pikel (D:7)
  Joseph (D:7)
  Sigmund (D:5)
  A water moccasin (D:5)
  A black bear (D:5)
  An orc warrior (D:6)
  An ice beast (D:5)
  3 ogres
  A centaur (D:5)
  2 necrophages
  A phantom (D:6)
  2 kobold brigands
  3 lemures (D:7)
  A bullfrog (D:7)
  A gnoll sergeant (D:6)
  2 water moccasin zombies (D:6)
  2 scorpions
  A water moccasin skeleton (D:5)
  6 killer bees (D:7)
  5 wights (D:6)
  4 bullfrog zombies
  2 hounds (D:5)
  2 centaur zombies
  A gnoll shaman (D:5)
  An orc priest (D:7)
  An iguana (D:4)
  2 bullfrog skeletons
  Natasha (thrice) (D:3)
  2 centaur skeletons
  2 orc wizards
  A killer bee zombie (D:6)
  A hound zombie (D:5)
  A mummy (D:5)
  8 gnolls
  5 adders
  3 river rats
  3 worms
  3 dart slugs
  22 orcs
  6 endoplasms
  5 giant cockroaches
  3 goblins
  4 hobgoblins
  11 jackals
  A quokka (D:3)
  7 ball pythons
  9 bats
  5 frilled lizards
  11 kobolds
  8 rats
174 creatures vanquished.

Vanquished Creatures (collateral kills)
  An orc warrior (D:7)
1 creature vanquished.

Vanquished Creatures (others)
  A dancing weapon (D:7)
  63 fulminant prisms
  2 withered plants (D:5)
66 creatures vanquished.

Grand Total: 241 creatures vanquished

Notes
Turn   | Place    | Note
-------+----------+-------------------------------------------
     0 | D:1      | nicksoapdish the Octopode Conjurer began the quest for the
                  | Orb.
     0 | D:1      | Reached XP level 1. HP: 11/11 MP: 3/3
   311 | D:1      | Reached XP level 2. HP: 17/17 MP: 3/5
   314 | D:1      | Learned a level 2 spell: Searing Ray
   651 | D:1      | Reached XP level 3. HP: 21/21 MP: 4/6
   732 | D:1      | Learned a level 3 spell: Dazzling Flash
  1725 | D:3      | Noticed an ogre
  1744 | D:3      | Killed an ogre
  1745 | D:3      | Reached skill level 3 in Spellcasting
  1745 | D:3      | Reached skill level 5 in Conjurations
  1745 | D:3      | Reached skill level 1 in Hexes
  1745 | D:3      | Reached XP level 4. HP: 27/27 MP: 0/8
  1745 | D:3      | Reached XP level 5. HP: 31/31 MP: 0/9
  1823 | D:3      | Learned a level 4 spell: Fulminant Prism
  2229 | D:3      | Noticed Natasha
  2275 | D:3      | Killed Natasha
  2441 | D:3      | Found a faded altar of an unknown god.
  2479 | D:3      | Noticed Natasha
  2483 | D:3      | Killed Natasha
  2707 | D:3      | Noticed Natasha
  2718 | D:3      | Killed Natasha
  2719 | D:3      | Reached XP level 6. HP: 36/36 MP: 2/11
  3107 | D:4      | Reached skill level 4 in Spellcasting
  3923 | D:4      | Found a glowing golden altar of the Shining One.
  4099 | D:5      | Entered Level 5 of the Dungeon
  4317 | D:5      | Noticed a black bear
  4325 | D:5      | Killed a black bear
  4326 | D:5      | Reached skill level 5 in Stealth
  4326 | D:5      | Reached XP level 7. HP: 41/41 MP: 2/13
  4458 | D:5      | Found an ornate altar of the Wu Jian Council.
  4575 | D:5      | Found a runed translucent door.
  4575 | D:5      | Noticed wallyj24's ghost (novice GnFi)
  4711 | D:5      | Found a glowing drain.
  4722 | Sewer    | Entered a sewer
  4892 | Sewer    | Reached skill level 5 in Spellcasting
  5022 | Sewer    | Found a white marble altar of Elyvilon.
  5076 | D:5      | Noticed Sigmund
  5176 | D:5      | Reached XP level 8. HP: 43/46 MP: 4/16
  5563 | D:5      | Noticed a moth of wrath
  5578 | D:5      | Reached skill level 6 in Spellcasting
  5589 | D:5      | Killed Sigmund
  5914 | D:5      | Found a burning altar of Makhleb.
  6024 | D:5      | Found a bloodstained altar of Trog.
  6703 | D:6      | Reached skill level 7 in Spellcasting
  6948 | D:6      | Found Ifyloj Beos's Book Shoppe.
  6954 | D:6      | Bought a book of Maledictions for 180 gold pieces
  6956 | D:6      | Learned a level 1 spell: Corona
  6960 | D:6      | Learned a level 3 spell: Tukima's Dance
  6963 | D:6      | Learned a level 2 spell: Ensorcelled Hibernation
  6968 | D:6      | Learned a level 4 spell: Iskenderun's Mystic Blast
  7016 | D:6      | Found a basalt altar of Yredelemnul.
  7100 | D:6      | Reached skill level 1 in Short Blades
  7178 | D:6      | Reached XP level 9. HP: 51/51 MP: 7/20
  7376 | D:6      | Became a worshipper of Yredelemnul the Dark
  7983 | D:6      | Reached skill level 8 in Spellcasting
  8177 | D:6      | Found a staircase to the Ecumenical Temple.
  8612 | D:7      | Found an iron altar of Okawaru.
  8984 | D:7      | Noticed Joseph
  9093 | D:7      | Killed Joseph
  9354 | D:7      | Noticed Pikel
  9662 | D:7      | Found Aleigohi's Distillery.
  9676 | D:7      | Killed Pikel
  9677 | D:7      | Reached skill level 9 in Spellcasting
  9677 | D:7      | Reached skill level 5 in Hexes
  9677 | D:7      | Reached skill level 1 in Translocations
  9677 | D:7      | Reached XP level 10. HP: 56/56 MP: 6/23
  9727 | D:7      | Noticed Maggie
  9728 | D:7      | Noticed a kobold demonologist
  9728 | D:7      | Noticed a kobold demonologist
  9738 | D:7      | Reached * piety under Yredelemnul
  9752 | D:7      | Gained mutation: [You are frail. (-10% HP)] [potion of
                  | mutation]
  9752 | D:7      | Gained mutation: You are partially covered in iridescent
                  | scales. (AC +2) [potion of mutation]
  9752 | D:7      | Cast into level 1 of the Abyss (Maggie)
  9763 | Abyss:1  | Noticed a worldbinder
  9914 | Abyss:1  | Noticed a thrashing horror
  9946 | Abyss:1  | Noticed a green death
  9947 | Abyss:1  | Noticed a wretched star
  9972 | Abyss:1  | Noticed a large abomination
  9990 | Abyss:1  | Succumbed to a green death's poison arrow

Illustrated notes

Levels and vault maps discovered:
D:1:      dpeg_arrival_radiant, layout_rooms, hangedman_decor_growths
D:2:      layout_loops_ring
D:3:      layout_basic, hellmonk_ecumenical_altar_inner_sanctum, uniq_natasha
D:4:      layout_basic, mainiacjoe_overflow_24_doors, hangedman_decor_points,
          kennysheep_generic_room_6
D:5:      layout_loops_ring, nzn_wu_jian_contemplation, kennysheep_mini_moat,
          tgw_trog, gammafunk_ghost_grave, portal_sewer_entry_c,
          gup_ossuary_entry_pyramid, uniq_sigmund
D:6:      layout_loops_ring, nicolae_yredelemnul_corpse_copse,
          minmay_temple_entry_glass, serial_shops, shop
D:7:      layout_basic, worldfamousw_hep_ancestral_shrine,
          overflow_temple_1_default, ebering_ghost_reflecting_pool,
          serial_shops, nicolae_shop_stone, uniq_joseph, uniq_pikel,
          uniq_crazy_yiuf_cottage, uniq_maggie, uniq_duvessa
Abyss:1:  base:
D:7

Skill      XL: |  1  2  3  4  5  6  7  8  9 10 |
---------------+-------------------------------+-----
Stealth        | 3 4 5 6 8 |  8.8
Spellcasting   | 3 4 5 7 9 |  9.1
Conjurations   | 5 6 7 |  7.3
Hexes          | 1 2 3 5 |  5.4
Short Blades   | 1 |  1.1
Translocations | 1 2 |  2.0
Dodging        | |  2.0
Evocations     | |  0.4

Action                   |  1- 3 |  4- 6 |  7- 9 | 10-12 || total
-------------------------+-------+-------+-------+-------++-------
Melee: Unarmed           |    13 |       |       |     1 ||    14
       Constrict         |     3 |       |     1 |       ||     4
       Tentacles         |     2 |       |       |       ||     2
       Dagger            |       |       |     4 |       ||     4
 Cast: Magic Dart        |    53 |    54 |    66 |     5 ||   178
       Searing Ray       |     6 |    11 |    34 |     2 ||    53
       Fulminant Prism   |       |    13 |    50 |       ||    63
       Iskenderun's Myst |       |       |     1 |       ||     1
       Tukima's Dance    |       |       |     9 |       ||     9
Evoke: Wand              |       |       |     3 |     4 ||     7
  Use: Scroll            |     2 |       |     1 |     3 ||     6
       Potion            |       |       |       |     5 ||     5
Armor: Skin              |     2 |     1 |     1 |    18 ||    22
Dodge: Dodged            |     8 |     6 |    26 |    13 ||    53
Block: Other             |       |     1 |    12 |     7 ||    20
       Reflection        |       |       |     4 |     2 ||     6
